 Dungeon Crawl Stone Soup version 0.23.1 (webtiles) character file.

Game seed: 5006770643303835411

160 Borgoz the Sneak (level 5, 0/38 HPs)
             Began as a Ghoul Enchanter on Mar 5, 2019.
             Slain by a river rat (6 damage)
             ... on level 3 of the Dungeon.
             The game lasted 00:05:30 (1926 turns).

Borgoz the Sneak (Ghoul Enchanter)                  Turns: 1926, Time: 00:05:31

Health: 0/38       AC:  5    Str: 12    XL:     5   Next: 41%
Magic:  0/15       EV: 12    Int: 11    God:
Gold:   85         SH:  0    Dex:  9    Spells: 4/7 levels left

rFire    + . .     SeeInvis .   a - +1 dagger
rCold    + . .     Gourm    .   (no shield)
rNeg     + + +     Faith    .   f - +1 leather armour {rF+}
rPois    ∞         Spirit   .   (no helmet)
rElec    .         Reflect  .   (no cloak)
rCorr    .         Harm     .   m - +0 pair of gloves
MR       .....                  (no boots)
Stlth    ++........             (no amulet)
HPRegen  0.00/turn              n - ring of magical power
MPRegen  0.14/turn              (no ring)

@: very slightly contaminated, rotting
A: rotting body, claws 1, carnivore, cold resistance 1, negative energy
resistance 3, inhibited regeneration, torment resistance, unbreathing
a: no special abilities


You were on level 3 of the Dungeon.
You were not hungry.

You visited 1 branch of the dungeon, and saw 3 of its levels.

You collected 85 gold pieces.

Inventory:

Hand Weapons
 a - a +1 dagger (weapon)
 h - a +0 dagger of freezing
Armour
 f - a +1 leather armour of fire resistance (worn)
 m - a +0 pair of gloves (worn)
Jewellery
 n - a ring of magical power (left hand)
Scrolls
 c - 3 scrolls of immolation {unknown}
 e - 2 scrolls of identify {unknown}
 g - a scroll of random uselessness {unknown}
 i - 2 scrolls of teleportation {unknown}
 j - 2 scrolls of remove curse {unknown}
 k - a scroll of blinking {unknown}
 q - a scroll of enchant armour {unknown}
 r - a scroll of amnesia {unknown}
Potions
 l - a potion of cancellation
Comestibles
 b - a chunk of flesh
 d - 2 rations


   Skills:
 * Level 2.9 Short Blades
 + Level 1.7 Armour
 + Level 2.7 Dodging
 - Level 3.2 Stealth
 - Level 1.7 Spellcasting
 + Level 3.1 Hexes


You had 4 spell levels left.
You knew the following spells:

 Your Spells              Type           Power        Failure   Level  Hunger
a - Corona                Hex            #......      11%         1    ##.....
b - Ensorcelled Hibernat  Hex/Ice        #.....       30%         2    ###....

Your spell library contained the following spells:

 Spells                   Type           Power        Failure   Level  Hunger
 Confuse                  Hex            #.......     32%         3    ####...
 Tukima's Dance           Hex            #.......     32%         3    ####...
 Dazzling Spray           Conj/Hex       #.....       52%         3    ####...


Dungeon Overview and Level Annotations

Branches:
Dungeon (3/15)

Altars:


Innate Abilities, Weirdness & Mutations

Your body is rotting away.
You thrive on raw meat.
You are immune to poison.
You have sharp fingernails.
You are carnivorous and can eat meat at any time.
Your flesh is cold resistant. (rC+)
You are immune to negative energy. (rN+++)
You do not regenerate when monsters are visible.
You are immune to unholy pain and torment.
You can survive without breathing.


Message History

The river rat barely misses you.
Items here: ))))) [[
Casting: Ensorcelled Hibernation (safe; 30% risk of failure)
Confirm with . or Enter, or press ? or * to list all spells.
Aiming: Ensorcelled Hibernation (safe; 30% risk of failure)
Press: ? - help, Shift-Dir - straight line, f/p - river rat
Aim: a river rat (lightly wounded, chance to defeat MR: 45%)
The river rat resists with some effort.
The river rat bites you.
* * * LOW HITPOINT WARNING * * *
Items here: ))))) [[
Casting: Ensorcelled Hibernation (safe; 30% risk of failure)
Confirm with . or Enter, or press ? or * to list all spells.
Aiming: Ensorcelled Hibernation (safe; 30% risk of failure)
Press: ? - help, Shift-Dir - straight line, f/p - river rat
Aim: a river rat (lightly wounded, chance to defeat MR: 45%)
You miscast Ensorcelled Hibernation.
You are very lightly contaminated with residual magic.
Multicoloured lights dance before your eyes!
The river rat bites you.
You die...

......≈#≈#≈#≈######
#..≈#≈#÷#≈#≈≈≈≈#
#.≈≈≈≈#≈≈≈≈≈##≈#
#..≈#≈#≈########
#..≈≈≈#≈≈≈≈≈≈≈≈#
#...#≈#######≈##!o#.
#####..≈≈≈# ....
..##...≈≈# ..o.
#.#..#@#.# # # #.#.
#.#.##r..###.#...#
..
#..).)...........# #
#..#####......o...
#####..# #####..##.#
#....<.# ..#
#.####.# .# #.# .#
#.# #


You could see a river rat.

Vanquished Creatures
  4 adders
  6 river rats (D:3)
  4 dart slugs
  5 orcs (D:3)
  3 giant cockroaches
  4 goblins
  7 hobgoblins
  2 jackals (D:1)
  5 bats
  3 frilled lizards (D:1)
  7 kobolds
  14 rats
64 creatures vanquished.

Notes
Turn   | Place    | Note
-------+----------+-------------------------------------------
     0 | D:1      | Borgoz the Ghoul Enchanter began the quest for the Orb.
     0 | D:1      | Reached XP level 1. HP: 14/14 MP: 2/2
     9 | D:1      | Reached skill level 1 in Short Blades
   303 | D:1      | Reached XP level 2. HP: 12/18 MP: 3/3
   510 | D:1      | Learned a level 2 spell: Ensorcelled Hibernation
   676 | D:1      | Reached XP level 3. HP: 18/26 MP: 4/4
  1048 | D:2      | Reached skill level 1 in Armour
  1279 | D:2      | Reached XP level 4. HP: 24/33 MP: 2/5
  1688 | D:3      | Reached XP level 5. HP: 33/38 MP: 3/6
  1926 | D:3      | Slain by a river rat

Skill      XL: |  1  2  3  4 |
---------------+-------------+-----
Short Blades   | 1 2 |  2.9
Dodging        | 2 |  2.7
Armour         | 1 |  1.7
Hexes          | 3 |  3.1
Stealth        | |  3.2
Spellcasting   | |  1.7

Action                   |  1- 3 |  4- 6 || total
-------------------------+-------+-------++-------
Melee: Dagger            |   137 |   145 ||   282
 Cast: Corona            |     2 |       ||     2
       Ensorcelled Hiber |     4 |    18 ||    22
  Use: Potion            |       |     4 ||     4
 Stab: Sleeping          |    11 |     8 ||    19
  Eat: Chunk             |     5 |    16 ||    21
Armor: Robe              |     5 |       ||     5
       Leather armour    |    34 |    25 ||    59
Dodge: Dodged            |    92 |    89 ||   181
